 Dungeon Crawl Stone Soup version 0.19-a0-1071-g4ed3155 (webtiles) character file.

569 4thArraOfDagon the Cleaver (level 7, -1/85 HPs)
             Began as a Minotaur Berserker on Aug 5, 2016.
             Was a Believer of Trog.
             Slain by an orc wizard
             ... wielding a +0 dagger
              (3 damage)
             ... on level 6 of the Dungeon.
             The game lasted 00:03:40 (821 turns).

4thArraOfDagon the Cleaver (Minotaur Berserker)      Turns: 821, Time: 00:03:40

Health: -1/85      AC:  6    Str: 29    XL:     7   Next: 11%
Magic:  6/6        EV: 12    Int:  4    God:    Trog [**....]
Gold:   136        SH:  0    Dex:  9    Spells: 0 memorised, 6 levels left

rFire  . . .     SeeInvis .     o - +0 hand axe (elec)
rCold  . . .     Gourm    .     b - +1 animal skin
rNeg   . . .     Faith    .     (no shield)
rPois  .         Spirit   .     (helmet restricted)
rElec  .         Dismiss  .     k - +2 cloak
rCorr  .         Reflect  .     (no gloves)
SustAt .         Harm     .     (no boots)
MR     .....                    q - amulet of rage
Stlth  ..........               (no ring)
                                (no ring)

@: berserking, very quick
A: retaliatory headbutt, horns 2
a: Berserk, Trog's Hand, Burn Spellbooks, Renounce Religion, Evoke Berserk Rage


You were on level 6 of the Dungeon.
You worshipped Trog.
Trog was pleased with you.
You were hungry.

You visited 1 branch of the dungeon, and saw 6 of its levels.

You collected 136 gold pieces.

Inventory:

Hand Weapons
 a - a +0 hand axe of venom
 o - a +0 hand axe of electrocution (weapon)
Armour
 b - a +1 animal skin (worn)
 k - a +2 cloak (worn)
Jewellery
 q - an amulet of rage (around neck)
Wands
 l - a wand of acid (6/15)
Scrolls
 d - a scroll of enchant armour
 i - a scroll of random uselessness {unknown}
Potions
 e - a potion of ambrosia
 g - a potion of lignification {unknown}
 j - 2 potions of might {unknown}
 n - a potion of heal wounds {unknown}
Comestibles
 c - 4 bread rations
 f - 2 meat rations
 h - a beef jerky
 m - 2 chunks of flesh
 p - a royal jelly


   Skills:
 - Level 3.6 Fighting
 * Level 8.0 Axes
 + Level 6.1 Armour
 - Level 2.1 Dodging


You had 6 spell levels left.
You didn't know any spells.

Dungeon Overview and Level Annotations

Branches:
Dungeon (6/15)
 Temple: D:4-7

Altars:
Dithmenos
The Shining One


Innate Abilities, Weirdness & Mutations

You reflexively headbutt those who attack you in melee.
You have a pair of horns on your head.


Message History

You slash the orc!
You kill the orc!
Trog accepts your kill.
You closely miss the orc wizard. You hit the orc.
There is a sudden explosion of sparks!
You kill the orc!
Trog accepts your kill.
Unknown command.
You barely miss the orc wizard. Your headbutt misses the orc wizard.
The orc wizard gestures at you while chanting.
You resist with some effort.
Unknown command.
You barely miss the orc wizard.
The shadow imp shouts, "Scamper away, thou qualling saucy bum-bailey!"
Unknown command.
You miss the orc wizard. Your headbutt misses the orc wizard.
The orc wizard barely misses you.
Unknown command.
You closely miss the orc wizard. The orc wizard hits you with a dagger.
You die...

#.................
#.......(.........
#.................
#.................
.
##...##...........
..####+##..........
..................
......5).........
......o@.........
......)..........
.................
#################


You could see an orc wizard and a shadow imp.

Vanquished Creatures
  An orc warrior (D:6)
  An ogre (D:5)
  A centaur (D:6)
  A big kobold (D:6)
  A scorpion (D:5)
  A crimson imp (D:5)
  An orc priest (D:5)
  An orc wizard (D:5)
  A worker ant (D:5)
  The ghost of 4thArraOfDagon the Chopper, a weakling MiBe of Trog (D:3)
  An adder (D:4)
  2 giant geckos
  12 orcs
  2 bats (D:1)
  A giant cockroach (D:1)
  4 hobgoblins
  5 jackals
  7 kobolds
  2 quokkas
  A ball python (D:2)
  2 goblins (D:1)
  2 rats (D:1)
51 creatures vanquished.

Notes
Turn   | Place    | Note
-------+----------+-------------------------------------------
     0 | D:1      | 4thArraOfDagon the Minotaur Berserker began the quest for the Orb.
     0 | D:1      | Reached XP level 1. HP: 19/19 MP: 0/0
   130 | D:1      | Reached XP level 2. HP: 26/26 MP: 1/1
   156 | D:1      | Reached skill level 4 in Axes
   270 | D:3      | Noticed 4thArraOfDagon's ghost (weakling MiBe)
   275 | D:3      | Killed 4thArraOfDagon's ghost
   275 | D:3      | Reached XP level 3. HP: 29/31 MP: 2/2
   469 | D:5      | Entered Level 5 of the Dungeon
   469 | D:5      | Noticed a scorpion
   484 | D:4      | Found a glowing golden altar of the Shining One.
   484 | D:4      | Noticed a phantom
   484 | D:4      | Noticed a scorpion
   512 | D:5      | Killed a scorpion
   512 | D:5      | Reached ** piety under Trog
   512 | D:5      | Reached skill level 5 in Axes
   512 | D:5      | Reached XP level 4. HP: 39/39 MP: 3/3
   650 | D:5      | Noticed an ogre
   658 | D:5      | Killed an ogre
   658 | D:5      | Reached skill level 6 in Axes
   658 | D:5      | Reached XP level 5. HP: 33/45 MP: 4/4
   663 | D:5      | Found a shadowy altar of Dithmenos.
   679 | D:5      | Reached skill level 5 in Armour
   697 | D:5      | Reached XP level 6. HP: 44/51 MP: 5/5
   702 | D:5      | Reached skill level 7 in Axes
   808 | D:6      | Noticed an orc warrior
   815 | D:6      | HP: 1/76 [orc/club (4)]
   817 | D:6      | Killed an orc warrior
   817 | D:6      | Reached skill level 8 in Axes
   817 | D:6      | Reached XP level 7. HP: 2/57 MP: 6/6
   821 | D:6      | Slain by an orc wizard

Vault maps used:
D:1:      dpeg_arrival_brainrot, corexii_leaking_fountain
D:2:      grunt_ministairs_1, corexii_corridor_pit, uniq_jessica
D:4:      lemuel_upstairs_altar, marbit_many_paths, first_bread, uniq_eustachio
D:5:      overflow_temple_1_default
D:6:      uniq_prince_ribbit1

Skill      XL: |  1  2  3  4  5  6 |
---------------+-------------------+-----
Armour         | 3 4 5 6 |  6.1
Axes           | 4 5 6 8 |  8.0
Fighting       | |  3.6
Dodging        | |  2.1

Action                   |  1- 3 |  4- 6 |  7- 9 || total
-------------------------+-------+-------+-------++-------
Melee: Hand axe          |    45 |    59 |     4 ||   108
       Headbutt          |    10 |     9 |       ||    19
Invok: Berserk           |     2 |     2 |       ||     4
       Trog's Hand       |       |     1 |       ||     1
  Use: Potion            |     1 |       |       ||     1
       Scroll            |       |     2 |       ||     2
  Eat: Chunk             |       |     3 |       ||     3
Armor: Animal skin       |     7 |    13 |       ||    20
Dodge: Dodged            |    46 |    38 |     1 ||    85
